 Dungeon Crawl Stone Soup version 0.28.0-53-g5a82cb258f (webtiles) character file.

Game seed: 5022763290638339249

1644 NinjaNoafa the Conjurer (level 8, -1/63 HPs)
             Began as a Yellow Draconian Conjurer on Aug 18, 2022.
             Was an Initiate of Qazlal.
             Slain by a two-headed ogre
             ... wielding a +0 giant spiked club
              (16 damage)
             ... on level 10 of the Dungeon.
             The game lasted 00:18:13 (7041 turns).

NinjaNoafa the Conjurer (Yellow Draconian Conjurer) Turns: 7041, Time: 00:18:14

Health: -1/63      AC:  6    Str: 12    XL:     8   Next: 67%
Magic:  15/15      EV: 12    Int: 20    God:    Qazlal [......]
Gold:   389        SH:  0    Dex: 11    Spells: 11/17 levels left

rFire   + . .      SeeInvis .   p - +11 dagger of Makhleb's Benevolence {vorpal, Str+3}
rCold   . . .      Faith    .   (no shield)
rNeg    . . .      Spirit   .   (armour unavailable)
rPois   .          Reflect  .   (helmet restricted)
rElec   .          Harm     .   (no cloak)
rCorr   +          Rampage  .   (no gloves)
Will    .....                   (no boots)
Stlth   +.........              (no amulet)
HPRegen 0.20/turn               l - ring of protection from fire
MPRegen 0.14/turn               z - ring of flight

@: confused, short of breath, ambrosia-drunk, flying
A: spit acid, AC +6, unfitting armour, cold-blooded, acid resistance
a: Breathe Acid, Renounce Religion


You were on level 10 of the Dungeon.
You worshipped Qazlal.
Qazlal was noncommittal.
You visited 2 branches of the dungeon, and saw 9 of its levels.

You collected 389 gold pieces.

Inventory:

Hand Weapons
 p - the +11 dagger of Makhleb's Benevolence (weapon) {vorpal, Str+3}
   (You found it on level 4 of the Dungeon)

   It inflicts extra damage upon your enemies.
   Str:       It affects your strength (+3).
Missiles
 i - 159 stones
 s - 2 boomerangs
 u - 15 poisoned darts
Armour
 j - a +2 kite shield
Magical Staves
 k - a staff of air
Jewellery
 l - a ring of protection from fire (left hand)
 z - a ring of flight (right hand)
Wands
 v - a wand of acid (5)
 x - a wand of flame (16)
 A - a wand of iceblast (6)
 B - a wand of mindburst (10)
Scrolls
 e - 3 scrolls of silence
 f - 3 scrolls of teleportation
 n - 2 scrolls of amnesia {unknown}
 o - a scroll of noise {unknown}
 r - 5 scrolls of magic mapping {unknown}
 t - 2 scrolls of vulnerability {unknown}
 w - a scroll of fear {unknown}
 y - a scroll of immolation {unknown}
Potions
 b - a potion of berserk rage
 h - 2 potions of mutation
 m - 2 potions of degeneration
 q - a potion of haste


   Skills:
 - Level 3.0 Fighting
 - Level 3.0 Short Blades
 - Level 3.0 Dodging
 - Level 1.7 Stealth
 - Level 5.0 Spellcasting
 + Level 7.3 Conjurations
 - Level 5.0 Hexes


You had 11 spell levels left.
You knew the following spells:

 Your Spells              Type           Power      Damage    Failure   Level
a - Magic Dart            Conj           100%       1d8       1%          1
b - Searing Ray           Conj           68%        2d6       1%          2
c - Dazzling Flash        Conj/Hex       58%        N/A       2%          3

Your spell library contained the following spells:

 Spells                   Type           Power      Damage    Failure   Level
 Ensorcelled Hibernation  Hex/Ice        30%        N/A       6%          2
 Fulminant Prism          Conj/Hex       14%        3d9       9%          4
 Corpse Rot               Necr/Air       10%        N/A       17%         2
 Poisonous Vapours        Pois/Air       10%        N/A       17%         2
 Iskenderun's Mystic Bla  Conj/Tloc      19%        2d6       26%         4
 Gell's Gravitas          Tloc           5%         N/A       34%         3
 Spider Form              Tmut/Pois      5%         N/A       34%         3
 Teleport Other           Tloc           5%         N/A       34%         3
 Anguish                  Hex/Necr       7%         N/A       38%         4
 Dispersal                Tloc           2%         N/A       100%        6


Dungeon Overview and Level Annotations

Branches:
Dungeon (7/15)             Temple (1/1) D:5

Altars:
Ashenzari
Cheibriados
Dithmenos
Elyvilon
Fedhas
Gozag
Kikubaaqudgha
Makhleb
Nemelex Xobeh
Okawaru
Qazlal
Ru
Trog
Uskayaw
Wu Jian
Xom
Zin
The Shining One


Innate Abilities, Weirdness & Mutations

You can spit globs of acid.
Your golden yellow scales are hard. (AC +6)
You cannot fit into any form of body armour.
You are cold-blooded and may be slowed by cold attacks.
You are resistant to acid. (rCorr)


Message History

The two-headed ogre is moderately wounded. (Press . to maintain the ray.)
The two-headed ogre hits you but does no damage.
The two-headed ogre hits you with a +0 giant spiked club!!
The searing ray hits the two-headed ogre.
The two-headed ogre is moderately wounded.
Casting: Searing Ray (safe; 1% risk of failure)
Confirm with . or Enter, or press ? or * to list all spells.
Casting: Dazzling Flash (dangerous; 2% risk of failure)
Press: ? - help, Dir - look around, f - activate You miscast Dazzling Flash.
You are very lightly contaminated with residual magic.
Nothing appears to happen.
The two-headed ogre hits you with a +0 giant spiked club!!
* * * LOW HITPOINT WARNING * * *
The two-headed ogre completely misses you.
Casting: Dazzling Flash (dangerous; 2% risk of failure)
Confirm with . or Enter, or press ? or * to list all spells.
Casting: Dazzling Flash (dangerous; 2% risk of failure)
Press: ? - help, Dir - look around, f - activate The two-headed ogre is dazzled.
The two-headed ogre barely misses you. The two-headed ogre misses you.
Press: ? - help, Shift-Dir - straight line, f - two-headed ogre
Aim: a two-headed ogre, wielding two +0 giant spiked clubs (moderately wounded, blind, 83% to hit)
You spit a glob of acid.
The glob of acid hits the two-headed ogre!!
The acid corrodes the two-headed ogre!
The two-headed ogre is heavily wounded.
The two-headed ogre barely misses you. x2
It was a potion of ambrosia.
You are confused.
You feel invigorated.
The two-headed ogre is no longer blind.
The two-headed ogre hits you with a +0 giant spiked club.
The two-headed ogre hits you with a +0 giant spiked club!
* * * LOW HITPOINT WARNING * * *
Your magical contamination has completely faded away.
You puncture the two-headed ogre!
The two-headed ogre is almost dead.
The two-headed ogre hits you with a +0 giant spiked club!
You die...

.........#..#
##########.>#
#....#.#
#.##.#.#####.#
#.#..........#
#§#..#.#######
#§#..#.#
#§####.#
#§§§§O@#
########


You could see a two-headed ogre (corroded).

Vanquished Creatures
  A water moccasin (D:5)
  A hornet zombie (D:5)
  3 necrophages
  2 ogres
  A centaur (D:7)
  A water moccasin skeleton (D:4)
  7 wights
  A howler monkey (D:6)
  A jelly (D:5)
  2 orc priests
  A bullfrog zombie (D:6)
  A gnoll shaman (D:4)
  A scorpion zombie (D:5)
  3 iguanas
  4 orc wizards
  A hound zombie (D:5)
  5 gnolls (D:4)
  A howler monkey skeleton (D:4)
  4 adders
  An ufetubus (D:6)
  An adder skeleton (D:4)
  2 worms (D:4)
  A dart slug (D:1)
  16 orcs
  4 endoplasms
  2 giant cockroaches (D:4)
  7 goblins
  6 hobgoblins
  2 jackals (D:3)
  4 kobolds
  7 quokkas
  5 ball pythons
  2 bats (D:3)
  5 frilled lizards
  6 rats
112 creatures vanquished.

Notes
Turn   | Place    | Note
-------+----------+-------------------------------------------
     0 | D:1      | NinjaNoafa the Draconian Conjurer began the quest for the
                  | Orb.
     0 | D:1      | Reached XP level 1. HP: 14/14 MP: 3/3
  1054 | D:1      | Reached XP level 2. HP: 20/20 MP: 1/5
  1356 | D:1      | Found a faded altar of an unknown god.
  1699 | D:2      | Reached XP level 3. HP: 26/26 MP: 3/6
  2133 | D:3      | Learned a level 2 spell: Searing Ray
  2249 | D:3      | Reached skill level 5 in Conjurations
  2339 | D:3      | Found a sacrificial altar of Ru.
  2513 | D:3      | Reached XP level 4. HP: 33/33 MP: 6/8
  2634 | D:3      | Found a shimmering altar of Xom.
  2798 | D:3      | Found a glowing silver altar of Zin.
  2798 | D:3      | Noticed an angel
  2960 | D:4      | Identified the +11 dagger of Makhleb's Benevolence {vorpal,
                  | Str+3}
  3403 | D:4      | Noticed an ogre
  3445 | D:4      | Killed an ogre
  3446 | D:4      | Reached skill level 6 in Conjurations
  3446 | D:4      | Reached XP level 5. HP: 38/38 MP: 0/9
  3534 | D:4      | Noticed a necrophage
  3539 | D:4      | Killed a necrophage
  3540 | D:4      | Reached XP level 6. HP: 45/45 MP: 4/10
  3623 | D:4      | Reached skill level 7 in Conjurations
  3639 | D:4      | Reached skill level 1 in Fighting
  3641 | D:4      | Reached skill level 1 in Short Blades
  3922 | D:4      | Found a shadowy altar of Dithmenos.
  4101 | D:4      | Found a blossoming altar of Fedhas.
  4293 | D:5      | Entered Level 5 of the Dungeon
  4357 | D:5      | Your scales start taking on a golden yellow colour.
  4357 | D:5      | Reached XP level 7. HP: 36/55 MP: 4/11
  4357 | D:5      | Gained mutation: You are resistant to acid. (rCorr) [Yellow
                  | Draconian growth]
  4745 | D:5      | Found a staircase to the Ecumenical Temple.
  4756 | D:5      | Reached skill level 1 in Hexes
  4839 | Temple   | Entered the Ecumenical Temple
  4975 | Temple   | Became a worshipper of Qazlal Stormbringer
  5265 | D:6      | Learned a level 3 spell: Dazzling Flash
  5399 | D:6      | Reached XP level 8. HP: 61/63 MP: 7/14
  5993 | D:6      | Reached skill level 5 in Spellcasting
  6662 | D:7      | Found a broken altar of Ashenzari.
  6850 | D:7      | Reached skill level 5 in Hexes
  6965 | D:7      | You are sucked into a shaft and drop 3 floors!
  6965 | D:10     | Entered Level 10 of the Dungeon
  7023 | D:10     | Noticed a two-headed ogre
  7041 | D:10     | Slain by a two-headed ogre

Illustrated notes

Levels and vault maps discovered:
D:1:      erik_arrival_triangle_large, layout_loops_ring,
          shapermc_ecumenical_altar_hornbeckon, serial_co_window_serial,
          co_window_paths_b, co_window_paths_a, co_window_paths_a,
          co_window_corner_a, co_window_paths_b, co_window_corner_a,
          co_window_unsneaky_path_e, co_window_of_opportunity_c,
          co_window_unsneaky_path_b, co_window_paths_c,
          co_window_of_opportunity_c, co_window_corner_ca, glass_columns_a,
          glass_columns_c, glass_columns_a, glass_columns_a, glass_columns_b
D:2:      layout_rooms, minmay_cupped
D:3:      layout_basic, lemuel_round_altar, zin_angel,
          mainiacjoe_overflow_surrounded_room
D:4:      layout_cave_pools, fedhas_ov_isle_minmay, hangedman_decor_riveting,
          minmay_ruined_shrine
D:5:      layout_basic, minmay_temple_entry_grid
D:6:      layout_loops_corners, chequers_arboretum
D:7:      hellmonk_ruined_rings, layout_loops_cross, overflow_temple_1_default,
          nicolae_yredelemnul_corpse_copse, gammafunk_ghost_berserking_beasts
D:10:     layout_basic, nicolae_overflow_crystal_walls, dpeg_lair_monsters,
          uniq_urug
Temple:   nicolae_temple_god_jail

Skill      XL: |  1  2  3  4  5  6  7  8 |
---------------+-------------------------+-----
Conjurations   | 5 6 7 |  7.3
Spellcasting   | 3 4 5 |  5.0
Dodging        | 2 3 |  3.0
Fighting       | 2 3 |  3.0
Short Blades   | 2 3 |  3.0
Hexes          | 2 5 |  5.0
Stealth        | |  1.7

Action                   |  1- 3 |  4- 6 |  7- 9 || total
-------------------------+-------+-------+-------++-------
Melee: Tailslap          |     1 |       |     3 ||     4
       Staff             |     1 |       |       ||     1
       Dagger            |       |    25 |    36 ||    61
 Cast: Magic Dart        |    73 |    27 |    13 ||   113
       Searing Ray       |       |    18 |    20 ||    38
       Dazzling Flash    |       |       |     3 ||     3
 Abil: Breathe Acid      |       |       |     6 ||     6
Evoke: Wand              |       |       |     1 ||     1
  Use: Scroll            |       |       |    10 ||    10
       Potion            |       |       |     1 ||     1
Armor: Skin              |     2 |    11 |    21 ||    34
Dodge: Dodged            |     3 |    28 |    49 ||    80
